 Dungeon Crawl Stone Soup version 0.14.0-26-g1682e81 (webtiles) character file.

333 Heini the Chopper (level 6, -13/56 HPs)
             Began as a Hill Orc Fighter on Apr 27, 2014.
             Mangled by an ogre
             ... wielding a +0,+0 giant club
              (23 damage)
             ... on Level 4 of the Dungeon.
             The game lasted 00:06:50 (2968 turns).

Heini the Chopper (Hill Orc Fighter)                Turns: 2968, Time: 00:06:50

HP -13/56        AC  8     Str 21      XL: 6   Next: 25%
MP   6/6         EV  6     Int  8      God:
Gold 57          SH 18     Dex 10      Spells:  0 memorised,  5 levels left

rFire  . . .     SeeInvis .     a - +0,+1 war axe
rCold  . . .     Clarity  .     b - +0 scale mail
rNeg   . . .     Conserve .     c - +0 shield
rPois  .         rCorr    .     (no helmet)
rElec  .         rRot     .     u - +0 cloak
SustAb . .       Spirit   .     (no gloves)
rMut   .         Warding  .     (no boots)
Saprov + . .     Stasis   .     (no amulet)
MR     .....                    (no ring)
                                (no ring)

@: not resistant to hostile enchantments, extremely unstealthy
A: saprovore 1
a: no special abilities


You were on level 4 of the Dungeon.
You were not hungry.

You visited 1 branch of the dungeon, and saw 4 of its levels.

You collected 57 gold pieces.

Inventory:

Hand weapons
 a - a +0,+1 war axe (weapon)
 y - a +1,+2 war axe
Armour
 b - a +0 scale mail (worn)
 c - a +0 shield (worn)
 u - a +0 cloak (worn)
Comestibles
 d - 3 meat rations
 h - 5 grapes
 s - a bread ration
 A - 2 rotting chunks of orc flesh
 C - a rotting chunk of rat flesh
Scrolls
 g - a scroll of blinking {unknown}
 i - 2 scrolls of identify
 k - 4 scrolls of remove curse {unknown}
 l - a scroll of enchant armour {unknown}
 n - a scroll of teleportation {unknown}
 o - 2 scrolls of magic mapping {unknown}
 p - a scroll of fear {unknown}
 q - 2 scrolls of enchant weapon I {unknown}
 t - a scroll of noise {unknown}
 w - a scroll of amnesia {unknown}
 x - a scroll of immolation {unknown}
Jewellery
 B - an uncursed ring of fire {unknown}
Potions
 e - a potion of might
 f - a potion of cure mutation
 j - a potion of agility
 m - 2 potions of curing
 r - a potion of brilliance {unknown}
 v - a potion of invisibility {unknown}
 z - a potion of paralysis {unknown}


   Skills:
 * Level 5.0 Fighting
 * Level 5.4 Axes
 * Level 5.3 Armour
 - Level 3.4 Shields


You had 5 spell levels left.
You didn't know any spells.

Dungeon Overview and Level Annotations

Branches:
Dungeon (4/15)
 Temple: D:4-7

Altars:
Makhleb


Innate Abilities, Weirdness & Mutations

You can tolerate rotten meat.


Message History

The ogre is moderately wounded.
The ogre hits you with a giant club!
Your shield and scale mail prevent you from hitting the ogre.
The ogre is moderately wounded.
The ogre hits you with a giant club.
You hit the ogre.
The ogre is moderately wounded.
The ogre hits you with a giant club!
* * * LOW HITPOINT WARNING * * *
The ogre barely misses you.
An orc comes into view. It is wielding a club.
The orc shouts!
A kobold and an orc come into view.
The kobold shouts!
The kobold moves out of view.
There is a stone staircase leading up here.
The orc hits you with a club.
* * * LOW HITPOINT WARNING * * *
The ogre hits you with a giant club!
You die...

... #.# #.# #.# #.# #.#
### #.# ######.#####.###
#.# #...........@..# .o
###...........oO.##.#...
.................o...K...
####.....).......##.#...
#......)......# .# #
#####.........##.##.##
#..######.........
#.................
#.#######.........


You could see an ogre and 2 orcs.

Vanquished Creatures
  The ghost of Leibowitz the Skirmisher, an average KoFi (D:3)
  A hound (D:2)
  An orc priest (D:3)
  Terence (D:2)
  4 adders
  An inept feature mimic (D:2)
  A worm (D:2)
  2 giant geckos
  9 orcs (D:3)
  7 bats
  7 hobgoblins
  9 jackals (D:2)
  11 kobolds
  A ball python (D:1)
  5 giant cockroaches
  2 giant newts
  10 goblins
  4 rats
77 creatures vanquished.

Notes
Turn   | Place    | Note
--------------------------------------------------------------
     0 | D:1      | Heini, the Hill Orc Fighter, began the quest for the Orb.
     0 | D:1      | Reached XP level 1. HP: 19/19 MP: 1/1
    86 | D:1      | Reached XP level 2. HP: 18/27 MP: 2/2
   368 | D:1      | Reached skill level 4 in Fighting
   688 | D:1      | Reached XP level 3. HP: 33/33 MP: 3/3
  1385 | D:2      | Reached XP level 4. HP: 32/40 MP: 4/4
  1406 | D:2      | Noticed Terence
  1418 | D:2      | Killed Terence
  1697 | D:2      | Reached XP level 5. HP: 41/47 MP: 5/5
  1704 | D:2      | Found a burning altar of Makhleb.
  2655 | D:3      | Reached skill level 5 in Armour
  2702 | D:3      | Noticed Leibowitz's ghost (average KoFi)
  2713 | D:3      | Killed Leibowitz's ghost
  2713 | D:3      | Reached skill level 5 in Fighting
  2713 | D:3      | Reached skill level 5 in Axes
  2713 | D:3      | Reached XP level 6. HP: 37/56 MP: 6/6
  2968 | D:4      | Mangled by an ogre

Action                   |  1- 3 |  4- 6 || total
-------------------------+-------+-------++-------
Melee: War axe           |   106 |   160 ||   266
  Use: Scroll            |       |     3 ||     3
